Map: Acolyte LE

Players

eXile - Winner!

  • Race: Zerg Zerg
  • League: Platinum
  • Spawn Location: 1:00

scott

  • Race: Terran Terran
  • League: Gold
  • Spawn Location: 7:00

VOD

Have the link to the VOD?

Description

Time

  • Played on: Aug. 13, 2017, 3:49 p.m.
  • Length: 18:41
Show
View Real Time Build Order
Export as new Build Order

eXile Zerg - Winner!

Build Orders: Hatch First, Muta Ling Bane 

Get SALT Encoding   

  12  0:01  Drone  
  13  0:13  Overlord  
  13  0:21  Drone  
  14  0:34  Drone x2  
  16  0:40  Drone  
  17  0:56  Hatchery  
  16  0:59  Drone  
  16  1:01  Extractor  
  16  1:03  Drone  
  17  1:19  Spawning Pool  
  17  1:24  Drone x2  
  18  1:34  Drone  
  19  1:42  Overlord  
  19  1:53  Drone  
  20  2:05  Metabolic Boost  
  20  2:13  Zergling x6  
  23  2:19  Queen  
  23  2:20  Queen  
  23  2:21  Drone  
  28  2:29  Drone  
  28  3:02  Queen  
  30  3:09  Drone  
  30  3:10  Drone x4  
  35  3:14  Hatchery  
  35  3:16  Overlord  
  34  3:34  Queen  
  36  3:50  Drone x3  
  36  3:51  Drone x4  
  43  4:01  Overlord  
  43  4:02  Overlord  
  43  4:19  Queen, Pneumatized Carapace  
  43  4:21  Overlord  
  43  4:22  Zergling x2, Drone x3  
  43  4:23  Zergling x4, Drone  
  52  4:39  Drone x4  
  52  4:40  Queen  
  58  4:48  Drone x3  
  58  4:49  Zergling x2, Drone x3  
  65  4:54  Overlord x2  
  65  5:14  Zergling x4  
  65  5:15  Zergling x8  
  71  5:21  Drone x2  
  71  5:22  Drone x3  
  71  5:24  Spore Crawler  
  71  5:25  Lair  
  71  5:28  Extractor x2  
  74  5:30  Extractor  
  74  5:31  Extractor x2  
  74  5:34  Drone x3  
  74  5:35  Evolution Chamber  
  72  5:36  Evolution Chamber  
  71  5:45  Hatchery  
  70  5:55  Drone  
  70  5:56  Drone x7  
  70  5:57  Drone x2  
  80  6:10  Drone  
  81  6:12  Overlord x3  
  81  6:25  Overlord  
  81  6:26  Overlord x4  
  81  6:43  Hydralisk Den  
  81  6:47  Zergling x10  
  81  6:48  Zergling x10  
  90  6:54  Overlord  
  90  7:02  Queen  
  90  7:07  Zergling x14  
  99  7:11  Zerg Melee Weapons Level 1  
  99  7:12  Zerg Ground Armor Level 1  
  99  7:13  Baneling Nest  
  98  7:57  Centrifical Hooks  
  98  8:00  Muscular Augments  
  95  8:24  Spire  
  94  8:36  Drone x4  
  94  8:37  Drone x7  
  94  8:38  Drone x5  
  110  8:55  Zergling x12  
  114  8:56  Zergling x10  
  112  9:26  Drone  
  113  9:36  Hatchery  
  112  9:39  Baneling x5  
  112  9:40  Baneling x8  
  112  9:41  Baneling x4, Hatchery  
  111  9:46  Mutalisk x4  
  111  9:47  Mutalisk x5  
  111  9:48  Mutalisk x7  
  111  9:52  Overlord x6  
  143  9:53  Zerg Melee Weapons Level 2, Zerg Ground Armor Level 2  
  143  10:08  Zergling x2  
  143  10:09  Overlord  
  143  10:10  Overlord x5  
  144  10:22  Infestation Pit  
  144  10:25  Overseer x2  
  144  10:26  Overseer  
  130  10:53  Zergling x12  
  130  10:54  Zergling x14  
  130  10:55  Zergling x2  
  144  11:01  Zergling x4  
  144  11:02  Hydralisk x4, Zergling x12  
  144  11:03  Hydralisk x4  
  168  11:09  Drone x2  
  168  11:10  Drone x6  
  168  11:11  Queen  
  176  11:16  Queen  
  178  11:46  Queen  
  174  11:58  Baneling x7  
  174  11:59  Baneling x6  
  174  12:10  Hive  
  174  12:18  Extractor  
  174  12:20  Extractor  
  172  12:43  Queen  
  174  12:46  Zerg Flyer Weapons Level 1  
  174  13:01  Zergling x2  
  174  13:02  Zergling x12  
  174  13:03  Zergling x10  
  186  13:12  Extractor  
  181  13:13  Extractor  
  179  13:26  Zergling x2  
  179  13:27  Zergling x6  
  146  13:44  Hydralisk x4  
  146  13:45  Hydralisk x6  
  146  13:46  Hydralisk x7  
  179  13:50  Overlord  
  179  13:52  Zerg Melee Weapons Level 3  
  179  13:55  Adrenal Glands  
  179  14:28  Hatchery  
  179  14:29  Hatchery  
  177  14:36  Hatchery  
  155  15:23  Zergling x10  
  155  15:24  Hydralisk x6, Zergling x10  
  155  15:25  Hydralisk x2, Zergling x6  
  172  16:01  Greater Spire  
  172  16:05  Corruptor x2  
  172  16:06  Corruptor x8  
  172  16:07  Corruptor x3  
  172  16:09  Zergling x2  
  172  16:10  Zergling x2  
  172  16:11  Baneling x6  
  200  16:12  Baneling x8  
  169  17:17  Hydralisk x3  
  169  17:18  Hydralisk x3  
  169  17:19  Zergling x8, Corruptor x5  
  169  17:20  Mutalisk x3  
  169  17:22  Overlord x3  
  200  17:23  Overlord  
  193  17:43  Brood Lord x3  
Show
View Real Time Build Order
Export as new Build Order

scott Terran 

Build Orders: Reaper Expand, MMM Bio 

Get SALT Encoding   

  12  0:00  SCV  
  13  0:12  SCV  
  14  0:18  Supply Depot  
  14  0:24  SCV  
  15  0:39  SCV  
  15  0:40  Barracks  
  16  0:46  Refinery  
  16  0:59  SCV  
  17  1:11  SCV  
  18  1:23  SCV  
  19  1:29  Reaper  
  20  1:35  Orbital Command  
  20  1:44  Command Center  
  20  1:55  Supply Depot  
  20  1:58  Refinery  
  20  2:08  Barracks Reactor  
  20  2:11  SCV  
  21  2:27  SCV, Factory  
  22  2:47  Marine x2  
  22  2:49  SCV  
  25  3:02  Orbital Command  
  25  3:06  SCV  
  26  3:16  Marine x2  
  28  3:38  Factory Tech Lab  
  28  3:43  Starport  
  28  3:47  Barracks  
  27  3:51  Marine  
  27  3:52  Marine  
  29  3:56  SCV x2  
  31  4:03  Engineering Bay  
  31  4:05  Siege Tank  
  31  4:08  SCV  
  31  4:09  SCV, Marine x2  
  40  4:37  Barracks Reactor  
  38  4:39  Barracks  
  38  4:44  Barracks Tech Lab, Medivac x2  
  42  4:49  Supply Depot, Terran Infantry Weapons Level 1  
  42  4:51  SCV x2  
  44  5:03  Stimpack  
  44  5:11  Refinery  
  44  5:12  SCV x2  
  44  5:14  Refinery  
  46  5:15  Marine x2  
  48  5:29  Barracks Tech Lab  
  48  5:35  Supply Depot  
  48  5:36  SCV x2  
  50  5:48  SCV x2  
  52  5:52  Command Center  
  52  5:57  Combat Shields  
  52  6:03  SCV x2  
  54  6:14  Armory  
  54  6:15  SCV x2  
  54  6:16  Marauder x2  
  60  6:18  Marine  
  60  6:19  Marine  
  62  6:38  Supply Depot  
  62  6:39  Marine x2, Marauder x2, Medivac  
  70  7:01  Supply Depot  
  70  7:16  Marine x2, Marauder x2  
  76  7:27  Medivac  
  76  7:28  Medivac  
  76  7:29  Orbital Command  
  79  7:34  Marine x2, Siege Tank  
  79  7:35  Barracks  
  79  7:36  Barracks  
  84  7:38  Supply Depot, Terran Infantry Weapons Level 2  
  84  7:43  Engineering Bay  
  84  8:06  Siege Tank  
  85  8:20  Orbital Command  
  84  8:40  Marauder x2  
  88  8:42  Barracks Tech Lab, Barracks Reactor  
  88  8:45  SCV x2  
  88  8:46  SCV  
  91  8:50  Marine x2  
  93  8:57  SCV  
  93  8:58  SCV x2  
  93  9:01  Marauder x2  
  100  9:06  Refinery  
  100  9:08  Marine x2  
  100  9:09  SCV  
  103  9:10  SCV x2  
  103  9:12  Siege Tank  
  108  9:28  Concussive Shells  
  108  9:37  Marauder x3  
  108  9:38  Supply Depot  
  114  9:39  Terran Vehicle Weapons Level 1  
  114  9:41  Terran Infantry Armor Level 1  
  114  9:44  Siege Tank  
  117  9:55  SCV x3  
  117  9:56  Missile Turret  
  117  9:59  Marauder  
  122  10:01  Supply Depot  
  122  10:15  Marine x4, Marauder  
  122  10:16  Marauder, Medivac  
  122  10:19  SCV  
  133  10:22  Medivac  
  133  10:23  Marauder  
  133  10:24  Supply Depot  
  137  10:31  SCV  
  137  10:34  Liberator  
  137  10:35  Liberator  
  138  10:37  Marauder  
  125  10:43  SCV  
  105  10:54  Marine x5  
  105  10:55  Marine  
  115  10:58  Marine  
  116  11:04  SCV  
  116  11:05  SCV x2  
  119  11:12  Marine x3, Missile Turret  
  119  11:16  Missile Turret  
  119  11:17  Liberator  
  119  11:18  Missile Turret, Liberator  
  122  11:21  Missile Turret x2  
  122  11:22  Missile Turret  
  122  11:25  SCV x3  
  125  11:26  Terran Infantry Weapons Level 3  
  125  11:27  Marine, Missile Turret  
  118  12:00  Marine, Missile Turret, Liberator  
  118  12:01  Marine x5, Liberator  
  124  12:14  Refinery  
  130  12:33  SCV x2  
  132  12:42  Liberator  
  132  12:43  Liberator  
  132  12:51  Terran Infantry Armor Level 2  
  132  12:52  Terran Vehicle And Ship Armor Level 1  
  132  12:55  Marine x3  
  132  12:56  Marine x3  
  144  13:16  Marine x3  
  144  13:17  Marine x2  
  149  13:20  Marine x2  
  144  13:31  Liberator x2  
  132  13:34  Marine x4  
  132  13:35  Marine  
  115  13:50  Marine x2  
  115  13:52  Marine x4  
  115  13:53  SCV x2  
  124  13:58  Barracks Reactor  
  123  14:07  Marine, Supply Depot  
  123  14:08  Marine  
  125  14:10  Marine x4  
  125  14:16  SCV  
  130  14:26  Marauder x2, Command Center  
  130  14:27  Marine  
  130  14:28  SCV  
  130  14:30  Supply Depot  
  142  14:31  Medivac  
  142  14:33  Medivac  
  142  14:35  Marine x2  
  142  14:40  Marine x2  
  144  14:47  Marauder x2  
  148  14:53  Marine x2  
  148  14:54  Marine x2  
  148  14:57  Marine  
  148  14:58  Marine  
  154  15:08  Terran Infantry Armor Level 3  
  154  15:09  Marauder x2  
  154  15:11  Marine x3  
  154  15:12  Marine  
  154  15:14  Orbital Command  
  156  15:15  Marine  
  132  15:31  Marine x3, Marauder  
  132  15:32  Marine x2, Marauder  
  132  15:33  Marine  
  142  15:41  SCV x3  
  145  15:49  Marine x4  
  148  15:50  Marine  
  148  15:51  Marine  
  148  15:53  Marauder x2  
  155  16:07  Marine x5, Refinery  
  155  16:09  Refinery  
  160  16:11  Terran Ship Weapons Level 1  
  160  16:14  Marauder  
  160  16:15  Marauder  
  164  16:19  Widow Mine  
  166  16:35  Command Center  
  166  16:36  Marauder x2  
  166  16:38  SCV x2  
  166  16:39  SCV  
  173  16:47  Widow Mine, Orbital Command  
  173  16:54  Command Center  
  175  16:56  Command Center  
  175  16:57  Marauder x2  
  179  17:03  Marine  
  179  17:04  Marine x3  
  155  17:09  Command Center  
  136  17:16  Widow Mine  
  136  17:21  Marine x2  
  136  17:22  Marine x2  
  110  17:44  Widow Mine  
  112  17:53  Viking x2  
Tags
 
Add a new tag
Caveats
  • Supply blocks, unpowered buildings, or Contaminate may cause inaccurate times.
  • Supply counts are checked every 10 seconds.